 Dungeon Crawl Stone Soup version 0.28.0-53-g5a82cb258f (webtiles) character file.

Game seed: 8036458752638897352

10630 safid the Severer (level 11, -10/99 HPs)
             Began as a Hill Orc Fighter on Aug 17, 2022.
             Was an Elder of Okawaru.
             Killed by divine providence
             ... invoked by an orc priest
              (15 damage)
             ... on level 11 of the Dungeon.
             The game lasted 00:22:51 (17109 turns).

safid the Severer (Hill Orc Fighter)               Turns: 17109, Time: 00:22:52

Health: -10/99     AC: 13    Str: 24    XL:     11   Next: 65%
Magic:  11/11      EV: 23    Int:  8    God:    Okawaru [****..]
Gold:   731        SH:  4    Dex: 10    Spells: 10/10 levels left

rFire   . . .      SeeInvis .   D - +3 war axe
rCold   + . .      Faith    .   c - +0 buckler
rNeg    . . .      Spirit   .   d - +0 plate armour
rPois   .          Reflect  .   m - +0 helmet
rElec   .          Harm     .   (no cloak)
rCorr   +          Rampage  .   (no gloves)
Will    .....                   q - +0 pair of boots
Stlth   ..........              B - amulet of the acrobat
HPRegen 0.26/turn               e - ring of resist corrosion
MPRegen 0.12/turn               J - ring of protection from cold

@: corroded, acrobatic
A: no striking features
a: Renounce Religion, Convert to Beogh, Heroism, Finesse


You were on level 11 of the Dungeon.
You worshipped Okawaru.
Okawaru was greatly pleased with you.
You visited 2 branches of the dungeon, and saw 14 of its levels.
You also visited: Sewer.

You collected 731 gold pieces.

Inventory:

Hand Weapons
 D - a +3 war axe (weapon)
Missiles
 g - 6 curare-tipped darts
 h - 33 poisoned darts (quivered)
 G - 4 throwing nets
Armour
 c - a +0 buckler (worn)
 d - a +0 plate armour (worn)
 m - a +0 helmet (worn)
 q - a +0 pair of boots (worn)
Jewellery
 e - a ring of resist corrosion (left hand)
 B - an amulet of the acrobat (around neck)
 J - a ring of protection from cold (right hand)
Wands
 a - a wand of polymorph (4)
 l - a wand of flame (43)
 v - a wand of paralysis (18)
 y - a wand of iceblast (9)
Scrolls
 b - a scroll of magic mapping
 i - 2 scrolls of amnesia
 j - a scroll of enchant weapon
 o - 5 scrolls of immolation
 t - 4 scrolls of blinking
 u - 6 scrolls of teleportation
 w - 2 scrolls of fear
 x - 2 scrolls of fog
 E - a scroll of brand weapon
 F - a scroll of summoning
 K - a scroll of vulnerability {unknown}
 L - a scroll of enchant armour {unknown}
Potions
 f - 3 potions of lignification {unknown}
 k - 3 potions of attraction {unknown}
 n - 2 potions of heal wounds
 p - 3 potions of mutation {unknown}
 r - a potion of ambrosia {unknown}
 z - 3 potions of curing {unknown}
 A - 2 potions of resistance {unknown}
 C - a potion of haste {unknown}
 H - a potion of degeneration {unknown}
 I - 4 potions of brilliance {unknown}
 M - a potion of magic {unknown}


   Skills:
 + Level 9.8 Fighting
 - Level 16.0 Axes
 + Level 9.2 Armour
 - Level 6.0 Dodging
 - Level 4.0 Shields


You had 10 spell levels left.
You didn't know any spells.
Your spell library contained the following spells:

 Spells                   Type           Power      Damage    Failure   Level
 Slow                     Hex            0%         N/A       100%        1
 Sting                    Tmut/Pois      0%         1d3       100%        1
 Ensorcelled Hibernation  Hex/Ice        0%         N/A       100%        2
 Passwall                 Tmut/Erth      0%         N/A       100%        2
 Poisonous Vapours        Pois/Air       0%         N/A       100%        2
 Confusing Touch          Hex            0%         N/A       100%        3
 Spider Form              Tmut/Pois      0%         N/A       100%        3
 Swiftness                Air            0%         N/A       100%        3
 Vampiric Draining        Necr           0%         2d6       100%        3
 Airstrike                Air            0%         N/A       100%        4
 Olgreb's Toxic Radiance  Pois           0%         N/A       100%        4
 Borgnjor's Vile Clutch   Necr/Erth      0%         N/A       100%        5
 Lightning Bolt           Conj/Air       0%         1d11      100%        5
 Eringya's Noxious Bog    Tmut/Pois      0%         N/A       100%        6
 Animate Dead             Necr           Unusable   N/A       N/A         4
 Summon Lightning Spire   Summ/Air       Unusable   N/A       N/A         4
 Death Channel            Necr           Unusable   N/A       N/A         6

Dungeon Overview and Level Annotations

Branches:
Dungeon (13/15)            Temple (1/1) D:6            Lair (0/6) D:11
    Orc (0/2) D:9           Sewer (visited)
 Vaults: D:13-14

Altars:
Ashenzari
Cheibriados
Dithmenos
Elyvilon
Fedhas
Gozag
Hepliaklqana
Kikubaaqudgha
Makhleb
Nemelex Xobeh
Okawaru
Qazlal
Ru
Sif Muna
Trog
Uskayaw
Vehumet
Wu Jian
Xom
Yredelemnul
Zin
The Shining One

Shops:
D:5 *   D:9 *   D:11 [

Annotations:
D:5 3 runed translucent doors, Diggabert's ghost, novice DECj
D:9 3 runed translucent doors, Diggabert's ghost, novice DECj; JacoesBerries's ghost, journeyman DECj; Lutefisk's ghost, novice TeAE; Yogidamonk's ghost, novice DrCj


Message History

Deactivating autopickup; reactivate with Ctrl-A.
The shadow strikes at you from the darkness!
Reactivating autopickup.
The orc priest begins to cast a cantrip, but forgets the words!
The cyclops hits you but does no damage.
The acid dragon spits acid at you. The splash of acid hits you. You resist.
You hear a shout!
The eight-headed hydra bites you but does no damage.
The eight-headed hydra closely misses you.
The eight-headed hydra completely misses you. x2
The eight-headed hydra bites you but does no damage.
The eight-headed hydra closely misses you. x2
The eight-headed hydra bites you but does no damage.
As you read the scroll of teleportation, it crumbles to dust.
You feel strangely unstable. You block the shadow's attack.
The acid dragon bites you. The acid dragon closely misses you.
The acid dragon spits acid at you. The splash of acid hits you! You resist.
The acid corrodes you! The shadow completely misses you.
Your surroundings suddenly seem different.
The orc priest begins to cast a cantrip, but forgets the words!
The orc priest casts a cantrip, but nothing happens.
The orc priest misses you.
The orc priest calls down the wrath of Beogh upon you.
Beogh smites you!
* * * LOW HITPOINT WARNING * * *
The orc priest calls down the wrath of Beogh upon you.
Beogh smites you!
* * * LOW HITPOINT WARNING * * *
The orc wizard barely misses you.
The orc priest invokes the aid of Beogh against you.
Beogh smites you!
* * * LOW HITPOINT WARNING * * *
The orc wizard mumbles some strange words.
The orc wizard flickers and vanishes!
Deactivating autopickup; reactivate with Ctrl-A.
The orc priest calls down the wrath of Beogh upon you.
Beogh smites you!
You die...

...........................<#
..........................<##
................CoW?......###
.###........................#
.# #....§§.......Do..#...#.##
.###...§≈≈...###..D..##.####
.......§§....# #.{....###
..^..........###.....##**
................@...#...*
..........####.....####.#
..........##.........#*,#
≈.......oh#...........#,*
≈≈...........P..........*
≈...............>.......*
.......................#*
.....###..#...P.......##
.....# #..##......,,,**


You could see an eight-headed hydra, a cyclops, an acid dragon, a shadow and 2
orc priests.

Vanquished Creatures
  Joseph (D:7)
  A gargoyle (D:12)
  5 trolls
  Grinder (D:5)
  Prince Ribbit (D:5)
  3 hornets
  A shadow (D:12)
  5 yaks
  A wyvern (D:9)
  11 vampire mosquitoes
  Menkaure (D:5)
  2 wargs
  An acid dragon (D:9)
  Duvessa (D:6)
  An ice beast (D:5)
  7 orc warriors
  2 necrophages
  2 ogres (D:5)
  A wolf (D:7)
  6 centaurs
  A phantom (D:4)
  10 kobold brigands
  2 scorpions
  3 gnoll sergeants (D:7)
  A bullfrog (D:8)
  A wyvern zombie (D:8)
  A water moccasin zombie (D:5)
  A wyvern skeleton (D:6)
  Dowan (D:6)
  6 killer bees (D:10)
  4 wights
  A howler monkey (D:8)
  2 centaur zombies
  10 hounds
  3 jellies
  5 orc priests
  3 centaur skeletons
  A bullfrog skeleton (D:6)
  An iron imp (D:7)
  2 gnoll shamans (D:7)
  Ijyb (D:5)
  6 orc wizards
  4 iguanas
  A killer bee zombie (D:7)
  A hound skeleton (D:4)
  25 gnolls
  13 adders
  4 river rats (Sewer)
  2 ufetubi
  A dart slug (D:4)
  5 worms
  32 orcs
  9 ball pythons
  9 endoplasms
  4 giant cockroaches
  9 hobgoblins
  3 jackals (D:7)
  4 quokkas
  8 bats
  3 frilled lizards
  8 goblins
  36 kobolds
  9 rats
310 creatures vanquished.

Notes
Turn   | Place    | Note
-------+----------+-------------------------------------------
     0 | D:1      | safid the Hill Orc Fighter began the quest for the Orb.
     0 | D:1      | Reached XP level 1. HP: 19/19 MP: 1/1
    79 | D:1      | Found a faded altar of an unknown god.
    93 | D:1      | Reached XP level 2. HP: 22/27 MP: 2/2
    97 | D:1      | Reached skill level 3 in Axes
   780 | D:1      | Reached XP level 3. HP: 33/33 MP: 3/3
  1073 | D:2      | Reached XP level 4. HP: 32/40 MP: 4/4
  1074 | D:2      | Reached skill level 4 in Axes
  1667 | D:2      | Reached skill level 5 in Axes
  1718 | D:2      | Reached XP level 5. HP: 37/46 MP: 5/5
  2171 | D:3      | Reached skill level 6 in Axes
  2188 | D:3      | HP: 2/45 [wight/+3 hand axe of freezing (3)]
  2647 | D:3      | Reached skill level 7 in Axes
  2647 | D:3      | Reached XP level 6. HP: 25/50 MP: 6/6
  3241 | D:3      | Found a sparkling altar of Nemelex Xobeh.
  3447 | D:3      | Reached skill level 8 in Axes
  4283 | D:4      | Reached XP level 7. HP: 41/59 MP: 7/7
  4450 | D:4      | Reached skill level 9 in Axes
  4963 | D:4      | Reached skill level 10 in Axes
  5206 | D:4      | Found a glowing silver altar of Zin.
  5293 | D:4      | Found a bloodstained altar of Trog.
  5397 | D:5      | Entered Level 5 of the Dungeon
  5397 | D:5      | Noticed Menkaure
  5488 | D:5      | Reached skill level 11 in Axes
  5488 | D:5      | Reached XP level 8. HP: 54/66 MP: 8/8
  5561 | D:5      | Noticed Grinder
  5567 | D:5      | Paralysed by Grinder for 7 turns
  5595 | D:5      | Noticed Prince Ribbit
  5597 | D:5      | Found an ornate altar of the Wu Jian Council.
  5605 | D:5      | Killed Grinder
  5606 | D:5      | Reached skill level 12 in Axes
  5610 | D:5      | Killed Prince Ribbit
  5614 | D:5      | Reached skill level 13 in Axes
  5682 | D:5      | Found a runed translucent gate.
  5682 | D:5      | Found a runed translucent gate.
  5683 | D:5      | Found a runed translucent gate.
  5839 | D:5      | Found Rurgh's General Store.
  5850 | D:5      | Reached skill level 14 in Axes
  5850 | D:5      | Reached XP level 9. HP: 60/71 MP: 9/9
  5883 | D:5      | Killed Menkaure
  5885 | D:5      | Found a glowing drain.
  5899 | Sewer    | Entered a sewer
  6681 | Sewer    | Reached skill level 15 in Axes
  7180 | D:5      | Noticed Ijyb
  7193 | D:5      | Killed Ijyb
  7483 | D:5      | Noticed Diggabert's ghost (novice DECj)
  8319 | D:6      | Found a glowing golden altar of the Shining One.
  8377 | D:6      | Reached skill level 16 in Axes
  8509 | D:6      | Reached skill level 1 in Dodging
  8800 | D:6      | Found a staircase to the Ecumenical Temple.
  8806 | Temple   | Entered the Ecumenical Temple
  8980 | Temple   | Became a worshipper of Warmaster Okawaru
  9126 | D:7      | Reached skill level 5 in Fighting
  9134 | D:7      | Reached skill level 5 in Armour
  9141 | D:7      | Reached XP level 10. HP: 38/81 MP: 10/10
  9575 | D:7      | Noticed Duvessa
  9829 | D:7      | Noticed Joseph
  9875 | D:7      | Noticed Dowan
  9962 | D:6      | Killed Duvessa
  9962 | D:6      | Reached * piety under Okawaru
  9964 | D:6      | Killed Dowan
 10151 | D:7      | Killed Joseph
 10411 | D:7      | Got the Volume of Shifting Lightness
 10568 | D:7      | Found a shimmering altar of Xom.
 10648 | D:7      | Found a snail-covered altar of Cheibriados.
 10839 | D:8      | Paralysed by a hornet for 1 turns
 10849 | D:8      | Paralysed by a hornet for 3 turns
 10855 | D:8      | Paralysed by a hornet for 2 turns
 11709 | D:8      | Reached ** piety under Okawaru
 12332 | D:9      | Found Cammaorust's Demolitions Depot.
 12358 | D:9      | Paralysed by a hornet for 3 turns
 12966 | D:9      | Found a staircase to the Orcish Mines.
 13008 | D:9      | Reached XP level 11. HP: 44/94 MP: 11/11
 13244 | D:9      | Reached *** piety under Okawaru
 13673 | D:9      | Found a hazy altar of Hepliaklqana.
 13679 | D:9      | Found a stormy altar of Qazlal.
 13738 | D:9      | Found a runed translucent gate.
 13738 | D:9      | Found a runed translucent gate.
 13738 | D:9      | Found a runed translucent gate.
 13739 | D:9      | Noticed Diggabert's ghost (novice DECj)
 13739 | D:9      | Noticed JacoesBerries's ghost (journeyman DECj)
 13740 | D:9      | Noticed Lutefisk's ghost (novice TeAE)
 13740 | D:9      | Noticed Yogidamonk's ghost (novice DrCj)
 13848 | D:9      | Found a shimmering blue altar of Sif Muna.
 13966 | D:9      | Reached skill level 5 in Dodging
 14396 | D:10     | Entered Level 10 of the Dungeon
 14453 | D:10     | Identified the +6 dagger of Triumph {flame, rCorr Stlth+}
 14952 | D:10     | You fall into a shaft and drop 3 floors!
 14953 | D:13     | Noticed a cyclops
 14959 | D:13     | Noticed a skeletal warrior
 14959 | D:13     | Noticed a skeletal warrior
 14964 | D:13     | Noticed a skeletal warrior
 15017 | D:12     | Found the +4 robe of Augmentation {Str+4 Int+4 Dex+4}
 15279 | D:11     | Reached **** piety under Okawaru
 15389 | D:11     | Found Juiqy's Armour Emporium.
 15407 | D:11     | Found a staircase to the Lair.
 15408 | D:11     | Noticed a boulder beetle
 15427 | D:11     | Noticed an eight-headed hydra
 15796 | D:11     | Noticed a cyclops
 17109 | D:11     | Killed from afar by an orc priest

Illustrated notes

Levels and vault maps discovered:
D:1:      shiori_shiawase, layout_loops_ring,
          dreamdust_ecumenical_altar_statues, corexii_leaking_fountain,
          minmay_strange_pillars
D:2:      layout_basic
D:3:      layout_loops_ring, nemelex_dance_club_becter, chequers_hall_statues_y,
          minmay_fountain_box, chequers_serial_rivers_micro_b
D:4:      layout_basic, pf_just_have_faith, general_overflow_altar,
          minmay_misc_feat_plants, hangedman_decor_growths
D:5:      layout_loops_ring, nicolae_wu_jian_wuxing_cycle, serial_shops,
          kennysheep_mini_moat, gammafunk_ghost_necromancy,
          cheibrodos_sewer_entry_bend, minmay_misc_feat_nine_boxes, minivault_1,
          kennysheep_diamond, uniq_grinder, uniq_ijyb, uniq_menkaure,
          uniq_prince_ribbit1
D:6:      layout_rooms, mainiacjoe_overflow_catwalk, minmay_temple_entry_statues
D:7:      layout_cave_pools, slow_altar_2, lemuel_doored_altar,
          serial_gnoll_camp, gnoll_camp_huts_basic, gnoll_camp_mini_loothouse,
          gnoll_camp_medium_02, gnoll_camp_mini_hut, uniq_joseph, uniq_duvessa
D:8:      layout_loops_ring
D:9:      layout_basic, nicolae_sif_muna_little_library,
          grunt_temple_overflow_open, david_orc_1_choice,
          gammafunk_ghost_cemetery, nicolae_blasting_shop
D:10:     layout_basic
D:11:     layout_big_octagon, erik_lair_orcish_takeover, serial_shops,
          nicolae_shop_competitors_out_of_business,
          dreamdust_deal_with_the_devil, minmay_misc_feat_iff
D:12:     layout_cave_pods
D:13:     layout_basic
Temple:   minmay_temple_bridge_abc

Skill      XL: |  1  2  3  4  5  6  7  8  9 10 11 |
---------------+----------------------------------+-----
Axes           | 3 5 7 8 11 14 16 | 16.0
Fighting       | 4 5 8 9 |  9.8
Armour         | 4 5 7 9 |  9.2
Shields        | 4 |  4.0
Dodging        | 2 4 6 |  6.0

Action                   |  1- 3 |  4- 6 |  7- 9 | 10-12 || total
-------------------------+-------+-------+-------+-------++-------
Melee: War axe           |    84 |   203 |   412 |   499 ||  1198
Throw: Dart              |       |       |     1 |       ||     1
Invok: Heroism           |       |       |       |     1 ||     1
  Use: Potion            |       |       |     1 |     2 ||     3
       Scroll            |       |       |     6 |    11 ||    17
Armor: Scale mail        |    23 |       |       |       ||    23
       Chain mail        |    28 |   115 |    64 |       ||   207
       Plate armour      |       |       |   111 |   246 ||   357
Dodge: Dodged            |    41 |    74 |    99 |   230 ||   444
Block: Buckler           |    29 |    42 |    89 |   103 ||   263
